 Dungeon Crawl Stone Soup version 0.15.1-4-gac8487e (webtiles) character file.

659721 CrazyArbalest the Halfling Catapult (level 27, -2/158 (166) HPs)
             Began as a Halfling Fighter on Oct 12, 2014.
             Was the Champion of the Shining One (penitent).
             Killed by Olgreb's Toxic Radiance
             ... invoked by a naga ritualist
              (15 damage)
             ... on Level 11 of a ziggurat on Oct 14, 2014.
             The game lasted 15:39:08 (102871 turns).

CrazyArbalest the Halfling Catapult (HaFi)        Turns: 102871, Time: 15:39:08

HP  -2/158 (166) AC 24     Str 18      XL: 27
MP  37/37        EV 44     Int 13      God: *the Shining One
Gold 6091        SH 17     Dex 28      Spells:  3 memorised, 20 levels left

rFire  + . .     SeeInvis .     c - +9 greatsling (velocity)
rCold  + . .     Clarity  .     E - +5 steam dragon armour
rNeg   + + +     rCorr    .     V - +3 buckler {reflect}
rPois  x         rRot     .     d - +0 helmet of the Depths {Dex+3 Slay+4}
rElec  +         Spirit   .     R - +2 cloak "Moan" {+Inv Str-2 Slay+4}
SustAb .         Warding  +     f - +0 pair of gloves {Str+3}
rMut   .         Stasis   .     x - +2 pair of boots {run} (curse)
Gourm  .                        X - cursed macabre finger necklace {Ward rN+}
MR     ++...                    F - ring of Fatigue {rElec rC+ rN+ Int+2 Slay+5}
                                y - ring of the Octopus King {rF+ AC+1 EV+1 Str+1 Dex+1 Int+1}
                                o - +5 ring of slaying

@: lethally poisoned, poison vulnerable, very slightly contaminated, hasted and
slowed, constricted, studying Translocations, quick, very resistant to hostile
enchantments, incredibly stealthy
A: deformed body, mutation resistance 1
a: Renounce Religion, Evoke Invisibility
}: 3/15 runes: decaying, silver, gossamer


You were on level 11 of a ziggurat.
You worshipped the Shining One.
The Shining One was demanding penance.
You were completely stuffed.

You visited 12 branches of the dungeon, and saw 59 of its levels.
You visited 1 Ziggurat, and saw 11 of its levels.
You also visited: Labyrinth, Bailey, Ice Cave and Wizlab.

You collected 9090 gold pieces.
You spent 2999 gold pieces at shops.

Inventory:

Hand weapons
 a - a cursed +9 cutlass of electrocution
 b - a +9 greatsling of holy wrath
 c - a +9 greatsling of velocity (weapon)
 A - a +0 greatsling
Missiles
 g - 452 stones
 q - 30 exploding sling bullets
 K - 25 sling bullets of flame
 Z - 12 sling bullets (quivered)
Armour
 d - the +0 helmet of the Depths (worn) {Dex+3 Slay+4}
   (You found it on level 3 of the Spider Nest)

   It affects your dexterity (+3).
   It affects your accuracy and damage with ranged weapons and melee attacks
   (+4).
 f - a +0 pair of gloves of strength (worn)
 s - a +0 helmet of see invisible
 x - a cursed +2 pair of boots of running (worn)
 E - a +5 steam dragon armour (worn)
 R - the +2 cloak "Moan" (worn) {+Inv Str-2 Slay+4}
   (You found it in an ice cave)

   It affects your strength (-2).
   It affects your accuracy and damage with ranged weapons and melee attacks
   (+4).
   It lets you turn invisible.
 S - a +1 pair of boots of jumping
 V - a +3 buckler of reflection (worn)
Magical devices
 l - a wand of digging (13)
 w - a wand of disintegration (11)
 I - a wand of lightning (4)
Comestibles
 M - 14 bread rations
Scrolls
 e - 17 scrolls of recharging
 h - 3 scrolls of blinking
 i - 9 scrolls of magic mapping
 j - 21 scrolls of identify
 k - 4 scrolls of remove curse
 n - 11 scrolls of fog
 u - 2 scrolls of silence
 B - 8 scrolls of teleportation
 D - a scroll of vulnerability
 T - a scroll of enchant armour
 U - 4 scrolls of fear
Jewellery
 o - a +5 ring of slaying (on amulet)
 p - the amulet of Koenn {rMut Dex+4 Int-2}
   (You found it on level 3 of the Elven Halls)

   [amulet of resist mutation]

   It protects you from mutation.
   It affects your intelligence (-2).
   It affects your dexterity (+4).
 y - a ring of the Octopus King (left hand) {rF+ AC+1 EV+1 Str+1 Dex+1 Int+1}
   (You found it on level 7 of a ziggurat)

   [ring of protection from fire]

   It affects your AC (+1).
   It affects your evasion (+1).
   It affects your strength (+1).
   It affects your intelligence (+1).
   It affects your dexterity (+1).
   It protects you from fire.
 z - the ring "Yxostrex" {-Cast rF+ rN+ Stlth+}
   (You found it on level 3 of the Crypt)

   [ring of stealth]

   It protects you from fire.
   It protects you from negative energy.
   It prevents spellcasting.
   It makes you more stealthy.
 F - the ring of Fatigue (right hand) {rElec rC+ rN+ Int+2 Slay+5}
   (You found it on level 8 of the Lair of Beasts)

   [ring of intelligence]

   It affects your intelligence (+2).
   It affects your accuracy and damage with ranged weapons and melee attacks
   (+5).
   It protects you from cold.
   It insulates you from electricity.
   It protects you from negative energy.
 G - an uncursed ring of flight
 J - a +6 ring of intelligence
 N - the ring of the Princeling {Wiz rF++}
   (You found it on level 5 of a ziggurat)

   [ring of wizardry]

   It improves your spell success rate.
   It greatly protects you from fire.
 O - an uncursed amulet of guardian spirit
 X - the cursed macabre finger necklace (around neck) {Ward rN+}
   (You found it on level 6 of a ziggurat)

   [amulet of warding]

   It may prevent the melee attacks of summoned creatures.
   It protects you from negative energy.
   It has a curse placed upon it.
 Y - the ring of the Mage {Wiz MR++ Int+3}
   (You found it on level 9 of a ziggurat)

   [ring of wizardry]

   It improves your spell success rate.
   It affects your intelligence (+3).
   It affects your resistance to hostile enchantments.
Potions
 C - 2 potions of agility
 H - 6 potions of haste
 L - a potion of cure mutation
Books
 m - Moufet's Catalogue of Translocation
   (You found it on level 9 of a ziggurat)

   Spells                             Type                      Level
   *Shroud of Golubria                Charms/Translocation         2
   *Teleport Other                    Translocation                3
   Control Teleport                   Charms/Translocation         4
   Summon Forest                      Summoning/Translocation      5
 t - the Compendium of Snow and Shape Shifting
   (You found it on level 10 of a ziggurat)

   Spells                             Type                      Level
   Freeze                             Ice                          1
   Stoneskin                          Transmutation/Earth          2
   Ice Form                           Ice/Transmutation            4
   Summon Ice Beast                   Ice/Summoning                4
   Simulacrum                         Ice/Necromancy               6
 P - a book of Enchantments

   Spells                             Type                      Level
   Tukima's Dance                     Hexes                        3
   Cause Fear                         Hexes                        4
   Silence                            Hexes/Air                    5
   Deflect Missiles                   Charms/Air                   6
   Haste                              Charms                       6
   Discord                            Hexes                        8
 Q - a manual of Translocations
 W - a book of Transfigurations

   Spells                             Type                      Level
   Stoneskin                          Transmutation/Earth          2
   Ice Form                           Ice/Transmutation            4
   Statue Form                        Transmutation/Earth          6
   Dragon Form                        Transmutation                7


   Skills:
 - Level 8.7 Fighting
 - Level 11.0 Short Blades
 O Level 27 Slings
 - Level 6.6(18.3) Throwing
 - Level 19.0 Armour
 O Level 27 Dodging
 - Level 17.5 Stealth
 - Level 24.0 Shields
 + Level 4.2 Charms
 - Level 0.1 Necromancy
 + Level 11.0 Translocations
 - Level 11.3 Invocations
 - Level 11.9 Evocations


You had 20 spell levels left.
You knew the following spells:

 Your Spells              Type           Power        Failure   Level  Hunger
a - Animate Skeleton      Necr           N/A          30%         1    ##.....
b - Teleport Other        Tloc           ####....     1%          3    ####...
c - Shroud of Golubria    Chrm/Tloc      ###.......   1%          2    ###....


Dungeon Overview and Level Annotations

Branches:
Dungeon (15/15)            Temple (1/1) D:4             Orc (4/4) D:10
    Elf (3/3) Orc:4          Lair (8/8) D:10          Swamp (5/5) Lair:6
 Spider (5/5) Lair:6        Slime (0/6) Lair:6       Vaults (5/5) D:14
  Crypt (3/3) Vaults:3       Tomb (1/3) Crypt:3      Depths (5/5) D:15
    Zot (4/5) Depths:5

Altars:
Ashenzari
Cheibriados
Dithmenos
Elyvilon
Fedhas
Kikubaaqudgha
Makhleb
Nemelex Xobeh
Okawaru
Qazlal
Sif Muna
Trog
Vehumet
Xom
Yredelemnul
Zin
The Shining One
Beogh
Jiyva

Shops:
Orc:2 !**   Orc:4 =[!%   Elf:1 [   Elf:2 [   Vaults:1 [   Vaults:3 (
Vaults:4 *

Portals:
Hell: Depths:1 Depths:2 Depths:3 Depths:4 Depths:5
Abyss: Depths:1 Depths:4
Pandemonium: Depths:2 Depths:3 Depths:5

Annotations:
Lair:6 Rupert


Innate Abilities, Weirdness & Mutations

You are small and have problems with some larger weapons.
You are somewhat resistant to further mutation.
Armour fits poorly on your strangely shaped body.


Message History

The shock serpent looks frightened!
The water moccasin looks frightened!
The naga ritualist looks frightened!
The black mamba looks frightened!
The naga looks frightened!
The salamander looks frightened!
You feel sick.
* * * LOW HITPOINT WARNING * * *
You are lethally poisoned!
The greater naga casts a spell at you.
The bolt of poison hits the black mamba.
The greater naga's attack snaps the black mamba out of its fear.
The bolt of poison misses you.
* * * LOW HITPOINT WARNING * * *
The naga ritualist constricts you.
The greater naga gestures at you while chanting.
The poison arrow hits you!
You are more poisoned.
* * * LOW HITPOINT WARNING * * *
Drink which item? (? for menu, Esc to quit)
You feel much better.
* * * LOW HITPOINT WARNING * * *
You feel very sick.
You die...

▓▓▓▓▓▓▓▓▓▓▓▓
▓▓(..........▓
▓▓.............
▓▓S...........NN
▓▓S............SN
▓▓NN......###....N
▓@)SN((.(.#P#....
▓▓)NS.....###...N
▓▓S((..........S
▓▓(...........
▓▓..........
▓▓(.......
▓▓▓▓▓▓▓▓


You could see a greater naga, a salamander (fleeing), a naga ritualist
(fleeing), 2 shock serpents, 2 black mambas, a water moccasin (fleeing) and a
naga (fleeing).

Vanquished Creatures
  3 ancient liches
  Mara (Spider:4)
  3 greater mummies
  Saint Roka (Swamp:5)
  A curse toe (Zot:4)
  Sojobo (Crypt:3)
  Norris (Swamp:4)
  3 Killer Klowns
  Mennas (Depths:3)
  A golden dragon (shapeshifter) (Vaults:5)
  11 golden dragons
  2 electric golems
  Jory (Vaults:5)
  Xtahua (Vaults:2)
  A bone dragon (Crypt:3)
  Arachne (Spider:3)
  A Brimstone Fiend (Vaults:5)
  Asterion (Swamp:5)
  5 liches
  16 tentacled monstrosities
  2 deep elf blademasters (Elf:3)
  5 quicksilver dragons
  10 titans
  3 deep elf master archers
  An Executioner (Crypt:3)
  14 storm dragons
  10 sphinxes
  A thorn hunter (Swamp:3)
  4 ancient champions
  Kirke (D:14)
  13 tengu reavers
  A fire giant (shapeshifter) (Zig:5)
  5 draconian monks
  7 shadow dragons
  Roxanne (Swamp:3)
  9 frost giants
  6 greater nagas
  8 ghost moths
  An orc warlord (Orc:2)
  A player illusion (Spider:4)
  Donald (Vaults:2)
  16 fire giants
  Wiglaf (Spider:3)
  Maud (Lair:8)
  10 deep elf sorcerers
  2 iron dragons
  19 vault wardens
  The ghost of Psiweapon the Spry, a mighty KoAK of Lugonu (Spider:5)
  Aizul (Depths:2)
  Louise (D:15)
  5 draconian scorchers
  11 emperor scorpions
  8 draconian zealots
  Gastronok (Orc:1)
  10 ghouls
  3 cacodemons
  3 balrugs
  5 reapers
  4 draconian knights
  4 draconian annihilators
  26 stone giants
  6 draconian shifters
  5 spriggan defenders
  6 deep elf demonologists
  An ophan (Zig:2)
  7 war gargoyles
  9 very ugly things
  6 draconian callers
  11 grey draconians
  2 curse skulls
  11 green draconians
  3 vampire knights
  3 dire elephants
  7 black draconians
  Azrael (Spider:4)
  5 pale draconians
  A purple draconian (shapeshifter) (Vaults:5)
  9 mottled draconians
  8 yellow draconians
  10 red draconians
  6 purple draconians
  A black draconian (shapeshifter) (Vaults:5)
  A large abomination (Vaults:3)
  5 white draconians
  39 vault guards
  2 unborn
  11 deep elf annihilators
  3 minotaurs
  3 eidola (Crypt:2)
  Snorg (Spider:4)
  6 crystal guardians
  10 deep elf death magi
  11 mummy priests (Tomb:1)
  A quicksilver dragon zombie (Tomb:1)
  13 fire dragons
  2 blizzard demons (Crypt:3)
  13 yaktaur captains
  The ghost of Heini the Basher, a powerful MiFi of Okawaru (D:11)
  7 great orbs of eyes
  20 ironheart preservers
  9 death cobs
  11 jiangshi
  15 ettins
  2 ravenous item mimics
  5 rakshasas
  Fannar (Lair:5)
  Harold (Orc:4)
  10 deep elf high priests
  24 ice dragons
  A ghost crab (shapeshifter) (Depths:3)
  4 naga warriors (Depths:3)
  20 hydras
  9 centaur warriors
  9 deep troll earth magi
  6 ghost crabs (Crypt:2)
  3 spriggan air magi
  4 anacondas
  4 deep troll shamans
  2 alligators
  26 death yaks
  5 dancing weapons (Crypt:3)
  A tengu warrior (Depths:3)
  17 ogre magi
  A death knight (Vaults:3)
  4 orc high priests
  3 vampire magi
  A titan zombie (Zig:9)
  2 iron golems (WizLab)
  3 catoblepae
  A storm dragon zombie (Depths:4)
  12 spriggan berserkers
  3 soul eaters (Tomb:1)
  A fire crab (Vaults:3)
  A shock serpent (Zig:4)
  2 sun demons (Depths:1)
  16 hell knights
  19 deep elf knights
  A salamander mystic (Zig:11)
  2 storm dragon skeletons
  A cherub (Zig:2)
  A golden dragon zombie (Crypt:3)
  21 skeletal warriors
  A giant orange brain (Depths:5)
  3 orc zombies
  An anaconda zombie (Crypt:3)
  9 orb spiders
  29 deep trolls
  4 unseen horrors
  11 hill giants
  A gelid demonspawn (Depths:5)
  7 flayed ghosts
  12 deep elf summoners
  6 spriggan druids
  14 swamp dragons
  2 ice statues
  A hellion (Vaults:5)
  A sphinx zombie (Depths:4)
  Pikel (D:9)
  2 golden dragon skeletons
  4 wizards
  2 anaconda skeletons
  A wolf spider zombie (Crypt:3)
  A deathcap (Zot:4)
  2 lindwurms (Depths:3)
  8 orc sorcerers
  A lindwurm (shapeshifter) (Vaults:3)
  14 phantasmal warriors
  18 necromancers
  22 ugly things
  A draconian zombie (Zig:8)
  17 deep elf conjurers
  5 fire giant zombies
  23 orc knights
  A tengu skeleton (Zig:9)
  20 ironbrand convokers
  A mana viper (Zig:11)
  32 wolf spiders
  26 moths of wrath
  6 oklob plants (Zig:10)
  8 griffons
  A salamander (Zig:4)
  2 manticores
  A moth of wrath (shapeshifter) (Vaults:5)
  A toenail golem (WizLab)
  An apocalypse crab (Zig:5)
  2 cyclopes
  A fire giant skeleton (Depths:2)
  3 frost giant skeletons
  11 red wasps
  A stone giant skeleton (Crypt:1)
  Maurice (D:12)
  2 spriggan zombies
  2 sixfirhies
  2 iron dragon skeletons
  6 elephants (Lair:2)
  Joseph (D:11)
  3 smoke demons
  A dire elephant zombie (Crypt:2)
  11 black mambas
  The ghost of kapitany the Shield-Bearer, an experienced MiFi of Nemelex Xobeh (D:5)
  9 guardian serpents
  4 torpor snails
  19 vault sentinels
  2 storm dragon simulacra (Depths:1)
  4 kobold demonologists
  An emperor scorpion zombie (Crypt:1)
  A queen ant (Lair:3)
  2 small abominations (Elf:3)
  9 gargoyles
  5 komodo dragons
  Psyche (D:9)
  An orange demon (Tomb:1)
  A komodo dragon (shapeshifter) (Depths:5)
  A spiny frog (shapeshifter) (Zig:5)
  A feature mimic (Lair:2)
  A titan simulacrum (Vaults:4)
  An efreet (Zot:4)
  58 yaktaurs
  2 naga magi
  24 spiny frogs
  4 tengu conjurers
  7 fire drakes
  14 deep elf priests
  A spectral harpy (Tomb:1)
  8 wandering mushrooms
  20 jumping spiders
  28 guardian mummies
  2 queen bees (shapeshifter)
  29 two-headed ogres
  3 silent spectres
  22 polar bears
  5 giant leeches
  A red devil (Zig:8)
  A blue devil (Depths:5)
  13 demonic crawlers
  2 blink frogs (shapeshifter)
  13 trolls
  A fire vortex (Zot:4)
  3 freezing wraiths
  A jumping spider (shapeshifter) (Depths:3)
  A minotaur zombie (Zig:3)
  10 boulder beetles
  23 slime creatures
  A slime creature (shapeshifter) (Vaults:5)
  A baby alligator (shapeshifter) (Vaults:4)
  2 moth of wrath zombies
  2 deep troll zombies
  12 bog bodies
  22 blink frogs
  20 ravens
  A fire dragon zombie (Crypt:3)
  6 basilisks
  57 flying skulls
  3 air elementals (Depths:5)
  35 trapdoor spiders
  23 deep elf magi
  5 spriggans
  10 wraiths
  24 tarantellas
  A griffon skeleton (Crypt:2)
  10 shadows
  20 fire elementals
  An alligator skeleton (Crypt:2)
  3 fire bats (Zot:4)
  48 redbacks
  A hill giant zombie (D:14)
  7 wyverns
  3 ettin skeletons
  2 fire dragon skeletons
  A yak (shapeshifter) (Vaults:4)
  A trapdoor spider (shapeshifter) (Vaults:5)
  A ynoxinul (Elf:3)
  A golden eye (shapeshifter) (Vaults:2)
  55 yaks
  28 deep elf fighters
  5 steam dragons
  33 swamp worms
  41 vampire mosquitoes
  3 neqoxecs
  2 hill giant skeletons
  10 hippogriffs
  14 nagas (Depths:3)
  A human (shapeshifter) (Vaults:2)
  A water nymph zombie (Crypt:1)
  Menkaure (D:4)
  7 wargs
  31 wolves
  5 mottled dragons
  21 soldier ants
  26 water moccasins
  A yaktaur simulacrum (Vaults:4)
  18 porcupines
  A tengu zombie (Depths:1)
  A raven skeleton (Crypt:1)
  A spiny frog zombie (Swamp:5)
  3 hell hounds (Spider:4)
  21 swamp drakes
  An ettin simulacrum (Depths:1)
  59 ogres
  A spectral queen bee (Crypt:2)
  18 spiders
  A snapping turtle zombie (Crypt:2)
  A spiny frog skeleton (Crypt:1)
  53 orc warriors
  A lindwurm zombie (Crypt:1)
  A blink frog zombie (Crypt:1)
  A manticore zombie (D:9)
  6 yellow wasps
  2 phantoms
  19 boggarts
  A manticore skeleton (Crypt:3)
  9 necrophages
  8 ice beasts
  A yellow wasp (shapeshifter) (Depths:4)
  A boring beetle (Lair:7)
  An elephant skeleton (Crypt:2)
  3 human zombies
  4 lost souls
  22 centaurs
  3 earth elementals (WizLab)
  Blork the orc (Orc:1)
  23 crocodiles
  An ogre simulacrum (Vaults:1)
  A gnoll sergeant (D:12)
  5 big kobolds
  24 giant frogs
  4 insubstantial wisps (Swamp:2)
  A glowing shapeshifter simulacrum (Vaults:2)
  2 yaktaur skeletons
  A human skeleton (Vaults:3)
  4 scorpions
  3 yak zombies
  A hippogriff zombie (D:8)
  6 electric eels
  A troll skeleton (D:8)
  16 killer bees
  18 wights
  2 quasits
  3 lava snakes (Zot:4)
  4 centaur zombies
  A spriggan skeleton (Crypt:1)
  10 crimson imps
  3 giant frog zombies
  A goliath beetle (shapeshifter) (Vaults:5)
  8 hounds
  16 iguanas
  32 orc priests
  8 jellies
  45 orc wizards
  A basilisk skeleton (Crypt:2)
  2 giant frog skeletons
  An iron imp (Depths:2)
  31 worker ants
  5 orange rats
  A statue (D:8)
  14 sheep
  A demigod zombie (Crypt:2)
  11 mummies
  A worker ant zombie (D:11)
  8 gnolls
  34 adders
  71 green rats
  An inept item mimic (D:9)
  4 shadow imps
  A giant mite (D:6)
  3 worms
  An ufetubus (D:14)
  An iguana skeleton (D:7)
  2 orc skeletons (D:11)
  4 giant geckos
  An ooze (D:1)
  209 orcs
  5 giant cockroaches
  17 hobgoblins
  11 jackals
  29 kobolds
  9 quokkas
  3 training dummies (Elf:2)
  4 ball pythons
  9 bats
  2 giant newts (D:3)
  A giant spore (D:12)
  22 goblins
  A goblin zombie (Crypt:2)
  2 hobgoblin skeletons
  3 kobold skeletons
  15 rats
  A rat zombie (D:5)
  A bush (Lair:2)
  7 crawling corpses
  5 fungi
  6 plants
3251 creatures vanquished.

Vanquished Creatures (others)
  A tentacled monstrosity (Zot:1)
  A vault warden (Vaults:5)
  A stone giant (Vaults:5)
  A black draconian (Zot:4)
  An ogre mage (Vaults:5)
  A necromancer (Depths:4)
  A draconian zombie (Zig:8)
  A komodo dragon (Zig:8)
  A wandering mushroom (Zot:4)
  A spriggan simulacrum (Depths:1)
  A deep elf mage (Zig:6)
  A human (D:14)
  A slave (D:9)
  6 lost souls
  A giant frog (D:9)
  2 mummies (Tomb:1)
  An orc (Vaults:2)
  A kobold (D:14)
  2 crawling corpses (Elf:3)
  8 fungi
  A plant (Zig:10)
35 creatures vanquished.

Grand Total: 3286 creatures vanquished

Notes
Turn   | Place    | Note
--------------------------------------------------------------
     0 | D:1      | CrazyArbalest, the Halfling Fighter, began the quest for the Orb.
     0 | D:1      | Reached XP level 1. HP: 15/15 MP: 1/1
   221 | D:1      | Reached XP level 2. HP: 20/20 MP: 2/2
   716 | D:1      | Reached XP level 3. HP: 25/25 MP: 3/3
   827 | D:2      | Reached skill level 1 in Dodging
   947 | D:2      | Reached XP level 4. HP: 26/30 MP: 4/4
  1065 | D:2      | Reached skill level 4 in Armour
  1651 | D:3      | Reached skill level 1 in Slings
  2031 | D:3      | Reached XP level 5. HP: 29/36 MP: 5/5
  2608 | D:4      | Found a staircase to the Ecumenical Temple.
  2619 | Temple   | Entered the Ecumenical Temple
  2762 | D:4      | Found a deep blue altar of Sif Muna.
  2865 | D:4      | Found a burning altar of Makhleb.
  2913 | D:4      | Became a worshipper of Makhleb the Destroyer
  2949 | D:4      | Noticed Menkaure
  3181 | D:4      | Found an iron altar of Okawaru.
  3324 | D:5      | Entered Level 5 of the Dungeon
  3353 | D:5      | Found a shadowy altar of Dithmenos.
  3409 | D:5      | Noticed a phantom
  3488 | D:5      | Killed a phantom
  3488 | D:5      | Reached skill level 5 in Slings
  3488 | D:5      | Reached XP level 6. HP: 22/42 MP: 6/6
  3781 | D:5      | Noticed kapitany's ghost (experienced MiFi)
  4526 | D:5      | Reached skill level 6 in Slings
  4549 | D:5      | Noticed an ogre
  4581 | D:5      | Reached XP level 7. HP: 20/46 MP: 7/7
  4925 | D:5      | Killed an ogre
  4925 | D:5      | Reached skill level 7 in Slings
  4994 | D:5      | Reached skill level 1 in Evocations
  5515 | D:6      | Reached skill level 8 in Slings
  5530 | D:6      | Found a sparkling altar of Nemelex Xobeh.
  5579 | D:6      | Acquired Makhleb's first power
  5651 | D:6      | Reached skill level 5 in Armour
  5651 | D:6      | Reached XP level 8. HP: 52/52 MP: 9/9
  5672 | D:6      | Reached skill level 9 in Slings
  6028 | D:6      | Reached skill level 10 in Slings
  6442 | D:6      | Acquired Makhleb's second power
  6659 | D:7      | Reached skill level 11 in Slings
  7025 | D:7      | Reached XP level 9. HP: 38/57 MP: 8/11
  7081 | D:7      | Reached skill level 12 in Slings
  7467 | D:7      | Reached skill level 13 in Slings
  7776 | D:8      | Found a radiant altar of Vehumet.
  7974 | D:8      | Reached skill level 14 in Slings
  8313 | D:7      | Reached XP level 10. HP: 53/63 MP: 10/13
  8488 | D:8      | Noticed a hill giant
  8536 | D:8      | Killed a hill giant
  8536 | D:8      | Reached skill level 15 in Slings
  8536 | D:8      | Reached skill level 1 in Stealth
  8888 | D:8      | Reached skill level 16 in Slings
  9382 | D:8      | Acquired Makhleb's third power
  9608 | D:9      | Noticed Psyche
  9619 | D:9      | Killed Psyche
  9674 | D:9      | Found a flagged portal.
  9893 | D:9      | Noticed Pikel
  9948 | D:9      | Killed Pikel
  9948 | D:9      | Reached skill level 17 in Slings
 10049 | Bailey   | Entered a bailey
 10340 | Bailey   | Noticed an orc knight
 10384 | Bailey   | Acquired Makhleb's fourth power
 10428 | Bailey   | Noticed an orc knight
 10465 | Bailey   | Killed an orc knight
 10465 | Bailey   | Reached XP level 11. HP: 57/67 MP: 9/14
 10529 | Bailey   | Noticed an orc knight
 10565 | Bailey   | Killed an orc knight
 10565 | Bailey   | Reached skill level 18 in Slings
 10646 | Bailey   | Killed an orc knight
 10732 | Bailey   | Noticed an orc knight
 10742 | Bailey   | Noticed an orc knight
 10788 | Bailey   | Killed an orc knight
 10788 | Bailey   | Reached skill level 19 in Slings
 10874 | Bailey   | Killed an orc knight
 10924 | Bailey   | Identified a scroll of acquirement
 11215 | D:9      | Found a basalt altar of Yredelemnul.
 11216 | D:9      | Found a white marble altar of Elyvilon.
 11261 | D:9      | Acquired Makhleb's fifth power
 11502 | D:9      | Found a stormy altar of Qazlal.
 11567 | D:9      | Noticed a two-headed hydra
 11583 | D:9      | Killed a two-headed hydra
 11583 | D:9      | Reached skill level 20 in Slings
 11842 | D:10     | Entered Level 10 of the Dungeon
 12232 | D:10     | Reached XP level 12. HP: 74/74 MP: 15/15
 12266 | D:10     | Found a staircase to the Lair.
 12473 | D:10     | Found a staircase to the Orcish Mines.
 12685 | D:10     | Noticed a hill giant
 12689 | D:10     | Killed a hill giant
 12730 | D:10     | Reached skill level 21 in Slings
 13205 | Lair:1   | Entered Level 1 of the Lair of Beasts
 13797 | Lair:1   | Found a dark tunnel.
 14109 | Lair:1   | Reached skill level 22 in Slings
 15247 | Lair:2   | Reached skill level 5 in Shields
 15824 | Lair:1   | Reached skill level 23 in Slings
 15824 | Lair:1   | Reached XP level 13. HP: 79/79 MP: 17/17
 17230 | Lair:3   | Reached skill level 24 in Slings
 19211 | Lair:4   | Reached skill level 25 in Slings
 19310 | Lair:5   | Found a labyrinth entrance.
 19346 | Lair:5   | Reached skill level 5 in Dodging
 19365 | Lab      | Entered a labyrinth
 20037 | Lab      | Noticed a minotaur
 20071 | Lab      | Killed a minotaur
 20117 | Lab      | Got a ring of the Octopus King
 20118 | Lab      | Got an ichor-stained plate armour
 20123 | Lab      | Identified a ring of the Octopus King {rC+ AC+1 EV+1 Str+1 Dex+1 Int+1} (You found it in a labyrinth)
 20198 | Lair:5   | Reached XP level 14. HP: 84/84 MP: 9/18
 20637 | Lair:5   | Reached skill level 26 in Slings
 21193 | Lair:5   | Noticed Fannar
 21202 | Lair:5   | Killed Fannar
 21347 | Lair:5   | Identified the cursed +1 plate armour "Gyriomn" {rF++ SInv} (You found it in a labyrinth)
 21587 | Lair:2   | Identified a +5 rod of striking (14/14) (You took it off a minotaur in a labyrinth)
 21588 | Lair:2   | Identified a +1 rod of destruction (12/12) (You found it in a labyrinth)
 21589 | Lair:2   | Identified a +4 rod of striking (10/10) (You found it in a labyrinth)
 21753 | Lair:6   | Found a staircase to the Swamp.
 21858 | Lair:6   | Found a staircase to the Slime Pits.
 21952 | Lair:6   | Noticed Rupert
 21954 | Lair:6   | Paralysed by Rupert for 6 turns
 21977 | Lair:6   | Found a hole to the Spider Nest.
 22813 | Lair:7   | Reached skill level 27 in Slings
 23596 | Lair:8   | Entered Level 8 of the Lair of Beasts
 23804 | Lair:8   | Got a crude pewter ring
 23806 | Lair:8   | Identified the ring of Fatigue {rElec rC+ rN+ Int+2 Slay+5} (You found it on level 8 of the Lair of Beasts)
 23875 | Lair:8   | Reached XP level 15. HP: 90/90 MP: 19/19
 24399 | Lair:8   | Noticed Maud
 24410 | Lair:8   | Killed Maud
 24410 | Lair:8   | Reached skill level 5 in Stealth
 25325 | D:11     | Got a ripped robe
 25579 | D:11     | Noticed Heini's ghost (powerful MiFi)
 25592 | D:11     | Killed Heini's ghost
 25781 | D:11     | Noticed Joseph
 25798 | D:11     | Killed Joseph
 25903 | D:11     | Found a roughly hewn altar of Beogh.
 26339 | D:12     | Reached skill level 10 in Dodging
 26610 | D:12     | Noticed Maurice
 26616 | D:12     | Killed Maurice
 27004 | Lair:2   | Identified the cursed -2 robe of Ladders and Snakes {+Blink MR+ Str+3} (You found it on level 11 of the Dungeon)
 27164 | Orc:1    | Entered Level 1 of the Orcish Mines
 27196 | Orc:1    | Noticed Gastronok
 27206 | Orc:1    | Killed Gastronok
 27373 | Orc:1    | Noticed Blork the orc
 27377 | Orc:1    | Killed Blork the orc
 27551 | Orc:1    | Found a bloodstained altar of Trog.
 27744 | Orc:2    | Noticed an orc warlord
 27758 | Orc:2    | Killed an orc warlord
 28218 | Orc:2    | Found Kipux's Assorted Antiques.
 28249 | Orc:2    | Bought a scroll of fear for 84 gold pieces
 28249 | Orc:2    | Bought a scroll of identify for 48 gold pieces
 28249 | Orc:2    | Bought a scroll of identify for 48 gold pieces
 28249 | Orc:2    | Bought a scroll of identify for 48 gold pieces
 28249 | Orc:2    | Bought a scroll of identify for 48 gold pieces
 28270 | Orc:2    | Found Wiuplov's General Store.
 28328 | Orc:2    | Found Coiwoema's Distillery.
 28374 | Orc:2    | Bought a potion of haste for 84 gold pieces
 28374 | Orc:2    | Bought 2 potions of heal wounds for 72 gold pieces
 28374 | Orc:2    | Bought a potion of haste for 84 gold pieces
 28374 | Orc:2    | Bought a potion of haste for 84 gold pieces
 28374 | Orc:2    | Bought a potion of curing for 24 gold pieces
 28374 | Orc:2    | Bought a potion of curing for 24 gold pieces
 28374 | Orc:2    | Bought a potion of curing for 24 gold pieces
 28383 | Orc:2    | Bought a scroll of enchant weapon for 105 gold pieces
 29105 | Orc:3    | Found a roughly hewn altar of Beogh.
 29922 | Orc:4    | Entered Level 4 of the Orcish Mines
 29951 | Orc:4    | Found a staircase to the Elven Halls.
 30050 | Orc:4    | Reached XP level 16. HP: 97/97 MP: 20/20
 30068 | Orc:4    | Noticed Harold
 30104 | Orc:4    | Killed Harold
 30224 | Orc:4    | Found Shra Dai's Distillery.
 30246 | Orc:4    | Found Twaint's Food Shoppe.
 30258 | Orc:4    | Found Chetzi's Antique Armour Shoppe.
 30258 | Orc:4    | Found Pruigad's Jewellery Shop.
 30287 | Orc:4    | Bought a potion of heal wounds for 45 gold pieces
 30291 | Orc:4    | Bought a runed helmet for 175 gold pieces
 31143 | Orc:4    | Bought a potion of haste for 105 gold pieces
 31192 | Orc:2    | Bought a scroll of brand weapon for 480 gold pieces
 31770 | D:13     | Got a sparkling wooden ring
 32434 | D:14     | Found a frozen archway.
 32456 | D:14     | Identified the ring of Coronation {rF+ rN+ Stlth-} (You found it on level 13 of the Dungeon)
 32461 | IceCv    | Entered an ice cave
 32583 | IceCv    | Got an encrusted cloak
 32671 | IceCv    | Identified the +2 cloak "Moan" {+Inv Str-2 Slay+4} (You found it in an ice cave)
 32802 | IceCv    | Reached skill level 5 in Fighting
 33071 | IceCv    | Got a pair of brightly glowing boots
 33089 | IceCv    | Identified the cursed -1 pair of boots "Bleyt" {Dex+2} (You found it in an ice cave)
 33457 | D:14     | Found a gate to the Vaults.
 33549 | D:14     | Noticed Kirke
 33743 | D:14     | Got a warped robe
 33768 | D:14     | Noticed a sphinx
 33771 | D:14     | Paralysed by a sphinx for 4 turns
 34647 | Lair:2   | Identified the cursed +1 robe of the Valley {Str+4 Int+4} (You found it on level 14 of the Dungeon)
 34921 | D:15     | Entered Level 15 of the Dungeon
 35012 | D:15     | Noticed Louise
 35039 | D:15     | Killed Louise
 35065 | D:15     | Reached skill level 10 in Shields
 35131 | D:15     | Found a staircase to the Depths.
 35370 | D:15     | Reached XP level 17. HP: 103/103 MP: 21/21
 35378 | D:15     | Identified Shifeu's Papyrus of Summoning (You found it on level 15 of the Dungeon)
 36306 | Spider:1 | Entered Level 1 of the Spider Nest
 37813 | Spider:3 | Noticed Arachne
 37934 | Spider:3 | Noticed Wiglaf
 37973 | Spider:3 | Killed Wiglaf
 38355 | Spider:3 | Killed Arachne
 38635 | Spider:3 | Got a crude helmet
 38646 | Spider:3 | Identified the +0 helmet of the Depths {Dex+3 Slay+4} (You found it on level 3 of the Spider Nest)
 39364 | Spider:4 | Noticed Azrael
 39368 | Spider:4 | Killed Azrael
 39901 | Spider:4 | Noticed Snorg
 39909 | Spider:4 | Killed Snorg
 40417 | Spider:5 | Entered Level 5 of the Spider Nest
 41088 | Spider:5 | Noticed Mara
 41091 | Spider:5 | Noticed Psiweapon's ghost (mighty KoAK)
 41274 | Spider:4 | Noticed CrazyArbalest's illusion
 41301 | Spider:4 | Killed CrazyArbalest's illusion
 41304 | Spider:4 | Killed Mara
 41512 | Spider:5 | Killed Psiweapon's ghost
 41601 | Spider:5 | Reached XP level 18. HP: 110/110 MP: 23/23
 41809 | Spider:5 | Identified a +0 pair of boots of running (You found it on level 5 of the Spider Nest)
 42079 | Spider:5 | Reached skill level 10 in Armour
 42679 | Spider:5 | Reached skill level 15 in Dodging
 42686 | Spider:5 | Got a gossamer rune of Zot
 43348 | Swamp:1  | Entered Level 1 of the Swamp
 44842 | Swamp:2  | Got a slimy scale mail
 45391 | Lair:2   | Identified the +5 scale mail of the Mind {Dex+1 Int+1} (You found it on level 2 of the Swamp)
 45576 | Swamp:3  | Noticed Roxanne
 45873 | Swamp:3  | Got a slimy shield
 46458 | Swamp:3  | Killed Roxanne
 46466 | Swamp:3  | Identified Roxanne's Reference Book on Clay and Moulding (You took it off Roxanne on level 3 of the Swamp)
 46529 | Swamp:3  | Identified the +3 shield "Smynwoga" {Dex+2 Int-4} (You found it on level 3 of the Swamp)
 46590 | Swamp:4  | Noticed Norris
 47010 | Swamp:4  | Reached XP level 19. HP: 116/116 MP: 24/24
 47049 | Swamp:4  | Killed Norris
 47982 | Swamp:5  | Entered Level 5 of the Swamp
 48165 | Swamp:5  | Noticed Asterion
 48202 | Swamp:5  | Killed Asterion
 48389 | Swamp:5  | Got a decaying rune of Zot
 48499 | Swamp:5  | Noticed Saint Roka
 48520 | Swamp:5  | Killed Saint Roka
 49786 | Depths:1 | Entered Level 1 of the Depths
 50316 | Depths:1 | Found a gateway to Hell.
 50442 | Depths:1 | Found a one-way gate to the infinite horrors of the Abyss.
 50679 | Depths:1 | Reached XP level 20. HP: 123/123 MP: 25/25
 51078 | Depths:2 | Got a glittering bronze ring
 51087 | Depths:2 | Noticed Aizul
 51301 | Depths:2 | Reached skill level 1 in Invocations
 51622 | Depths:2 | Found a one-way gate leading to the halls of Pandemonium.
 52530 | Lair:2   | Identified the ring "Laeruniv" {Str-3 Int-2 Stlth-} (You found it on level 2 of the Depths)
 52861 | Depths:2 | Killed Aizul
 52863 | Depths:2 | Noticed a golden dragon
 52877 | Depths:2 | Killed a golden dragon
 52877 | Depths:2 | Reached skill level 15 in Shields
 52877 | Depths:2 | Reached skill level 5 in Evocations
 53490 | Depths:3 | Noticed a golden dragon
 53504 | Depths:3 | Killed a golden dragon
 53504 | Depths:3 | Reached skill level 10 in Stealth
 53788 | Depths:3 | Noticed a golden dragon
 53801 | Depths:3 | Killed a golden dragon
 54378 | Depths:3 | Found a gateway to a ziggurat.
 54445 | Depths:3 | Noticed Mennas
 54580 | Depths:3 | Reached XP level 21. HP: 112/127 MP: 21/29
 54885 | Depths:3 | Killed Mennas
 55190 | Depths:3 | Reached skill level 5 in Invocations
 57177 | Depths:4 | Noticed a golden dragon
 57199 | Depths:4 | Killed a golden dragon
 57550 | Depths:4 | Noticed a golden dragon
 57561 | Depths:4 | Reached XP level 22. HP: 135/135 MP: 31/31
 57592 | Depths:4 | Killed a golden dragon
 57713 | Depths:4 | Noticed a golden dragon
 57728 | Depths:4 | Killed a golden dragon
 57996 | Depths:4 | Identified Lee's Catalogue of Poisonous Conjuration
 59215 | Depths:5 | Entered Level 5 of the Depths
 59851 | Depths:5 | Reached XP level 23. HP: 140/140 MP: 29/33
 60150 | Depths:5 | Noticed a golden dragon
 60164 | Depths:5 | Killed a golden dragon
 60197 | Depths:5 | Found a gate to the Realm of Zot.
 61491 | D:14     | Killed Kirke
 62146 | D:5      | Killed kapitany's ghost
 62173 | D:4      | Killed Menkaure
 62641 | Vaults:1 | Entered Level 1 of the Vaults
 62788 | Vaults:1 | Reached skill level 10 in Evocations
 62804 | Vaults:1 | Found Umo Gaku's Antique Armour Shop.
 62952 | Vaults:1 | Found a magical portal.
 62986 | WizLab   | Entered Doroklohe's Tomb
 63761 | Vaults:1 | Got a wizard robe
 65057 | Vaults:2 | Reached skill level 10 in Invocations
 65057 | Vaults:2 | Reached XP level 24. HP: 146/146 MP: 34/34
 65132 | Vaults:2 | Noticed Xtahua
 65175 | Vaults:2 | Killed Xtahua
 65672 | Vaults:2 | Paralysed by an ogre mage for 5 turns
 65865 | Vaults:2 | Noticed Donald
 65887 | Vaults:2 | Killed Donald
 67151 | Vaults:3 | Found a staircase to the Crypt.
 67329 | Vaults:3 | Found Thoesm's Weapon Boutique.
 68339 | Vaults:2 | Identified the cursed -1 robe of Death Resistance {+Fly SInv Stlth+} (You found it on level 1 of the Vaults)
 68421 | Vaults:1 | Bought a shimmering scale mail for 315 gold pieces
 68433 | Vaults:1 | Identified the cursed +2 scale mail of Gehenna {rPois} (You bought it in a shop on level 1 of the Vaults)
 68829 | Lair:2   | Identified a cursed +2 rod of striking (12/12) (You found it on level 3 of the Vaults)
 68847 | Lair:2   | Learned a level 1 spell: Animate Skeleton
 69397 | Vaults:4 | Reached XP level 25. HP: 151/151 MP: 36/36
 70500 | Vaults:4 | Found Ineiteun's Assorted Antiques.
 70528 | Vaults:4 | Bought a pair of glowing gloves for 162 gold pieces
 70528 | Vaults:4 | Bought a potion of heal wounds for 108 gold pieces
 70558 | Vaults:4 | Bought a runed buckler for 162 gold pieces
 71453 | Elf:1    | Entered Level 1 of the Elven Halls
 71479 | Elf:1    | Found Tayprutufo's Armour Shop.
 72196 | Elf:2    | Found Plumidas' Antique Armour Shop.
 72206 | Elf:2    | Bought a shiny buckler for 148 gold pieces
 73038 | Elf:3    | Entered Level 3 of the Elven Halls
 74413 | Elf:3    | Reached XP level 26. HP: 158/158 MP: 32/36
 74649 | Elf:3    | Got a polished scale mail
 74675 | Elf:3    | Identified Kikubaaqudgha's Catalogue of Evil
 74677 | Elf:3    | Got a heavy robe
 74681 | Elf:3    | Identified the Incunabulum of Harmful Feathers
 74757 | Elf:3    | Identified the cursed -2 robe of Phim Yxi {Str-2 Dex+5} (You found it on level 3 of the Elven Halls)
 74774 | Elf:3    | Got a glittering bronze amulet
 74783 | Elf:3    | Got a warped golden amulet
 74788 | Elf:3    | Identified the amulet "Yjoxus" {Inacc Dex+4 Int+2} (You found it on level 3 of the Elven Halls)
 74789 | Elf:3    | Identified the amulet of Koenn {rMut Dex+4 Int-2} (You found it on level 3 of the Elven Halls)
 74810 | Elf:3    | Identified the cursed -1 scale mail of Pantheism {rElec rPois Slay+3} (You found it on level 3 of the Elven Halls)
 75367 | Elf:3    | Got an ichor-stained plate armour
 75400 | Elf:3    | Identified Pseunnuol's Tome of Poisonous Summoning (You found it on level 3 of the Elven Halls)
 75708 | Lair:2   | Identified the +2 plate armour of the Bull {+Rage rN+} (You found it on level 3 of the Elven Halls)
 76163 | Vaults:5 | Entered Level 5 of the Vaults
 76249 | Vaults:4 | Reached skill level 15 in Armour
 76678 | Vaults:5 | Noticed an ancient lich
 76902 | Vaults:5 | Noticed Jory
 76930 | Vaults:5 | Killed Jory
 76973 | Vaults:5 | Killed an ancient lich
 77023 | Vaults:5 | Noticed an ancient lich
 77030 | Vaults:5 | Killed an ancient lich
 77222 | Vaults:5 | Got a wavering glass ring
 77510 | Vaults:5 | Reached XP level 27. HP: 157/164 MP: 35/37
 77766 | Vaults:5 | Identified the ring of Equilibrium {rN+ Str+2 Dex+3} (You found it on level 5 of the Vaults)
 78352 | Vaults:5 | Got a silver rune of Zot
 82132 | Vaults:5 | Got a polished leather armour
 82389 | Vaults:4 | Bought a scroll of enchant armour for 270 gold pieces
 82389 | Vaults:4 | Bought a scroll of fear for 126 gold pieces
 82389 | Vaults:4 | Bought a scroll of magic mapping for 126 gold pieces
 82913 | Lair:2   | Identified the +4 leather armour of Listlessness {rF+ Dex-3 Stlth-- Curse} (You found it on level 5 of the Vaults)
 83550 | Zot:1    | Entered Level 1 of the Realm of Zot
 84527 | Zot:1    | Got an ancient leather armour
 84579 | Zot:1    | Reached skill level 15 in Stealth
 85546 | Zot:2    | Got a transparent robe
 88575 | Zot:4    | Reached skill level 5 in Short Blades
 88752 | Zot:4    | Identified the cursed -5 leather armour "Truotris" {Int+4 Stlth+} (You found it on level 1 of the Realm of Zot)
 88764 | Zot:4    | Identified the +0 robe of Cocytus {Dex-2 Int+1} (You found it on level 2 of the Realm of Zot)
 89759 | Zot:4    | Noticed an orb of fire
 90563 | Lair:2   | Identified a +5 rod of destruction (14/14) (You found it on level 2 of the Realm of Zot)
 90802 | Temple   | Fell from the grace of Makhleb
 90802 | Temple   | Became a worshipper of the Shining One
 91525 | Crypt:1  | Entered Level 1 of the Crypt
 91925 | Crypt:1  | Acquired the Shining One's first power
 92453 | Crypt:2  | Paralysed by a vampire knight for 3 turns
 92769 | Crypt:2  | Acquired the Shining One's second power
 94136 | Crypt:3  | Entered Level 3 of the Crypt
 95066 | Crypt:3  | Acquired the Shining One's third power
 95209 | Crypt:3  | Found a staircase to the Tomb.
 95299 | Crypt:3  | Found an ancient bone altar of Kikubaaqudgha.
 95299 | Crypt:3  | Noticed an ancient lich
 95310 | Crypt:3  | Killed an ancient lich
 95343 | Crypt:3  | Reached skill level 27 in Dodging
 95467 | Crypt:3  | Got a shimmering silver ring
 95703 | Crypt:3  | Identified Cigotuvi's Incunabulum of Evil and Enhancements
 95753 | Crypt:3  | Acquired the Shining One's fourth power
 95818 | Crypt:3  | Paralysed by a vampire knight for 2 turns
 96353 | Crypt:3  | Identified the ring "Yxostrex" {-Cast rF+ rN+ Stlth+} (You found it on level 3 of the Crypt)
 96803 | Tomb:1   | Entered Level 1 of the Tomb of the Ancients
 96803 | Tomb:1   | Noticed Sojobo
 96943 | Crypt:3  | Killed Sojobo
 97495 | Tomb:1   | Paralysed by a sphinx for 5 turns
 97507 | Tomb:1   | Reached skill level 10 in Short Blades
 97701 | Tomb:1   | Gained mutation: Armour fits poorly on your strangely shaped body. [a cacodemon]
 98090 | Tomb:1   | Was forgiven by Makhleb
 98682 | Tomb:1   | Noticed a greater mummy
 98993 | Tomb:1   | Killed a greater mummy
 98997 | Tomb:1   | Got an ancient morningstar
100264 | Temple   | Identified a +9 greatsling of holy wrath (a +9 greatsling of electrocution blessed by the Shining One)
100544 | Lair:2   | Identified the cursed +8 morningstar "Mnaor" {crush, rF+ rC+ rN+} (You took it off a greater mummy on level 1 of the Tomb of the Ancients)
101064 | Zig:1    | Entered Level 1 of a ziggurat
101099 | Zig:2    | Entered Level 2 of a ziggurat
101157 | Zig:3    | Entered Level 3 of a ziggurat
101210 | Zig:4    | Entered Level 4 of a ziggurat
101237 | Zig:4    | Was placed under penance by the Shining One
101491 | Zig:5    | Entered Level 5 of a ziggurat
101567 | Zig:5    | Got a pitted glass ring
101587 | Zig:6    | Entered Level 6 of a ziggurat
101635 | Zig:6    | Was forgiven by the Shining One
101726 | Zig:6    | Identified the ring of the Princeling {Wiz rF++} (You found it on level 5 of a ziggurat)
101862 | Zig:7    | Entered Level 7 of a ziggurat
101952 | Zig:7    | Got a ring of the Octopus King
101968 | Zig:7    | Identified a ring of the Octopus King {rF+ AC+1 EV+1 Str+1 Dex+1 Int+1} (You found it on level 7 of a ziggurat)
101995 | Zig:8    | Entered Level 8 of a ziggurat
102050 | Zig:8    | Reached skill level 5 in Translocations
102230 | Zig:9    | Entered Level 9 of a ziggurat
102252 | Zig:9    | Noticed a greater mummy
102256 | Zig:9    | Killed a greater mummy
102279 | Zig:9    | Noticed a greater mummy
102284 | Zig:9    | Killed a greater mummy
102383 | Zig:9    | Identified Moufet's Catalogue of Translocation (You found it on level 9 of a ziggurat)
102388 | Zig:9    | Learned a level 3 spell: Teleport Other
102391 | Zig:9    | Learned a level 2 spell: Shroud of Golubria
102512 | Zig:10   | Entered Level 10 of a ziggurat
102549 | Zig:10   | Reached skill level 1 in Charms
102572 | Zig:10   | Reached skill level 10 in Translocations
102739 | Zig:10   | Got a distressingly furry cloak
102755 | Zig:10   | Identified the +2 cloak "Hacladdu" {Int+3} (You found it on level 10 of a ziggurat)
102768 | Zig:10   | Identified the Compendium of Snow and Shape Shifting (You found it on level 10 of a ziggurat)
102805 | Zig:11   | Entered Level 11 of a ziggurat
102838 | Zig:11   | Was placed under penance by the Shining One
102870 | Zig:11   | HP: 2/158 [greater naga/poison arrow (20)]
102871 | Zig:11   | Killed from afar by a naga ritualist

Action                   |  1- 3 |  4- 6 |  7- 9 | 10-12 | 13-15 | 16-18 | 19-21 | 22-24 | 25-27 || total
-------------------------+-------+-------+-------+-------+-------+-------+-------+-------+-------++-------
Melee: Cutlass           |    95 |    44 |       |       |       |       |    14 |     9 |   126 ||   288
       Dagger            |       |       |    51 |       |       |       |       |       |       ||    51
       Unarmed           |       |       |       |     1 |       |     1 |       |       |       ||     2
       Greatsling        |       |       |       |       |     2 |     4 |       |       |     4 ||    10
 Fire: Hunting sling     |       |   284 |   525 |   400 |       |       |       |       |       ||  1209
       Greatsling        |       |       |       |   379 |  1507 |  1432 |  1201 |  1620 |  4016 || 10155
Throw: Stone             |       |       |       |       |     2 |       |       |       |       ||     2
Invok: Lesser Servant of |       |       |       |       |     1 |       |       |       |       ||     1
       Divine Shield     |       |       |       |       |       |       |       |       |     2 ||     2
 Abil: Evoke Flight      |       |       |       |       |       |       |       |       |     6 ||     6
       Stop Flying       |       |       |       |       |       |       |       |       |     5 ||     5
Evoke: Wand              |       |     6 |    12 |     6 |     4 |     5 |     1 |     4 |     9 ||    47
  Use: Scroll            |       |     5 |    10 |    18 |    18 |    24 |    16 |     6 |    43 ||   140
       Potion            |       |     1 |     3 |     2 |     3 |     8 |     4 |     3 |    29 ||    53
 Stab: Sleeping          |       |       |       |       |       |       |     1 |       |       ||     1
  Eat: Chunk             |       |    11 |     7 |    12 |    34 |    21 |    13 |    13 |     6 ||   117
       Fruit             |       |       |     3 |     2 |     4 |    20 |     3 |       |    13 ||    45
       Pizza             |       |       |     1 |       |       |     4 |     7 |     1 |       ||    13
       Bread ration      |       |       |       |     1 |       |       |       |     3 |    11 ||    15
       Royal jelly       |       |       |       |     1 |       |       |       |     1 |     1 ||     3
       Beef jerky        |       |       |       |       |     4 |       |     1 |       |     2 ||     7
       Meat ration       |       |       |       |       |       |     1 |       |     1 |     6 ||     8
